 Dungeon Crawl Stone Soup version 0.30.1-4-g462c640d31 (webtiles) character file.

Game seed: 14121688382138388223

77 CthulhuKid the Ruffian (level 4, 0/37 HPs)
             Began as a Ghoul Gladiator on Aug 10, 2023.
             Slain by an orc priest
             ... wielding a +0 dagger
              (1 damage)
             ... on level 3 of the Dungeon.
             The game lasted 00:08:01 (1358 turns).

CthulhuKid the Ruffian (Ghoul Gladiator)            Turns: 1358, Time: 00:08:01

Health: 0/37       AC:  7    Str: 17    XL:     4   Next: 34%
Magic:  3/3        EV: 11    Int:  3    God:
Gold:   74         SH:  0    Dex: 12    Spells: 3/3 levels left

rFire   . .          .
                       - Unarmed
rCold   + . .        (no shield)
rNeg    + + +        l - +0 ring mail
rPois   ∞            b - +0 helmet
rElec   .            (no cloak)
rCorr   .            (no gloves)
SInv    .            m - +0 pair of boots
Will    .....        (no amulet)
Stlth   +            (no ring)
HPRegen 0.00/turn    (no ring)
MPRegen 0.08/turn

%: no passive effects
@: inhibited regen
A: claws 1, cold resistance 1, negative energy resistance 3, inhibited
regeneration, torment resistance 2, devour on kill
a: no special abilities


You were on level 3 of the Dungeon.
You visited 1 branch of the dungeon, and saw 3 of its levels.

You collected 74 gold pieces.

Inventory:

Missiles
 c - a throwing net (quivered)
 d - a javelin
Armour
 b - a +0 helmet (worn)
 l - a +0 ring mail (worn)
 m - a +0 pair of boots (worn)
Scrolls
 e - 2 scrolls of identify
 g - a scroll of noise {unknown}
Potions
 a - a potion of mutation {unknown}
 f - a potion of invisibility {unknown}
 h - a potion of berserk rage {unknown}
 i - a potion of attraction {unknown}
 j - a potion of brilliance {unknown}
 k - a potion of curing {unknown}


   Skills:
 + Level 2.3 Fighting
 + Level 2.1 Throwing
 + Level 0.7 Armour
 + Level 3.3 Dodging
 + Level 0.4 Stealth
 + Level 4.4 Unarmed Combat


You had 3 spell levels left.
You didn't know any spells.
Your spell library contained the following spells:

 Spells                   Type           Power      Damage    Failure   Level
 Ensorcelled Hibernation  Hex/Ice        0%         N/A       86%         2
 Passwall                 Tmut/Erth      0%         N/A       86%         2
 Swiftness                Air            0%         N/A       98%         3


Dungeon Overview and Level Annotations

Branches:
Dungeon (3/15)

Altars:
Nemelex Xobeh

Shops:
D:1 (


Innate Abilities, Weirdness & Mutations

You are immune to poison.
You have sharp fingernails.
Your flesh is cold resistant. (rC+)
You are immune to negative energy. (rN+++)
You do not regenerate when monsters are visible.
You are immune to unholy pain and torment.
You thrive by killing the living.


Message History

The orc hits you but does no damage.
You scratch the orc but do no damage. The bat hits you but does no damage.
The orc hits you with a +0 flail.
* * * LOW HITPOINT WARNING * * *
The orc hits you but does no damage. The orc priest misses you.
The bat hits you but does no damage.
You scratch the orc.
The orc is heavily wounded.
The bat closely misses you.
The orc priest hits you with a +0 dagger.
* * * LOW HITPOINT WARNING * * *
The orc hits you but does no damage. x2
You closely miss the orc.
The orc is heavily wounded.
The bat closely misses you. The orc barely misses you.
The orc closely misses you.
The orc priest hits you with a +0 dagger.
* * * LOW HITPOINT WARNING * * *
You barely miss the orc.
The orc is heavily wounded.
The bat closely misses you. The bat hits you but does no damage.
The orc priest hits you but does no damage.
The orc barely misses you. x2
You scratch the orc.
You kill the orc!
You feel better. The bat hits you but does no damage.
The orc priest barely misses you. The orc hits you with a +0 club.
* * * LOW HITPOINT WARNING * * *
The orc priest attacks as you move away!
The orc priest hits you with a +0 dagger.
* * * LOW HITPOINT WARNING * * *
The bat barely misses you.
There is a stone staircase leading up here.
You closely miss the orc priest. The bat completely misses you.
You closely miss the orc priest. The bat closely misses you.
The orc misses you.
The orc priest hits you but does no damage.
You barely miss the orc priest. The bat hits you but does no damage.
The orc priest hits you with a +0 dagger.
You die...

##.# ....# ....#
#...# #...#
####...####
#.###...b.....##
#......@o......#
#####...o).....#
####)..###.#
#...# #.(.#
##.## .. ###


You could see an orc priest, an orc and a bat.

Vanquished Creatures
  An orc wizard (D:3)
  2 adders (D:2)
  A dart slug (D:2)
  An orc (D:3)
  4 ball pythons
  6 endoplasms
  A giant cockroach (D:1)
  2 hobgoblins
  3 quokkas (D:1)
  6 bats
  3 frilled lizards
  4 rats
34 creatures vanquished.

Notes
Turn   | Place    | Note
-------+----------+-------------------------------------------
     0 | D:1      | CthulhuKid the Ghoul Gladiator began the quest for the Orb.
     0 | D:1      | Reached XP level 1. HP: 17/17 MP: 0/0
   126 | D:1      | Reached XP level 2. HP: 24/24 MP: 1/1
   329 | D:1      | Found Icogeh's Weapon Shoppe.
   864 | D:2      | Reached XP level 3. HP: 29/29 MP: 2/2
   875 | D:2      | Found a sparkling altar of Nemelex Xobeh.
  1288 | D:2      | Reached skill level 4 in Unarmed Combat
  1348 | D:3      | Reached XP level 4. HP: 16/37 MP: 3/3
  1355 | D:3      | HP: 1/37 [orc priest/+0 dagger (4)]
  1358 | D:3      | Slain by an orc priest

Illustrated notes

Levels and vault maps discovered:
D:1:      eino_arrival_cavern_a, layout_loops_cross, serial_shops,
          nicolae_shop_rolling_square
D:2:      layout_loops_ring, basic_altar
D:3:      layout_loops_ring, ebering_ghost_sewer_f, uniq_terence, uniq_jessica

Skill      XL: |  1  2  3 |
---------------+----------+-----
Dodging        | 3 |  3.3
Throwing       | 2 |  2.1
Unarmed Combat | 4 |  4.4
Fighting       | |  2.3
Armour         | |  0.7
Stealth        | |  0.4

Action                     |  1- 3 |  4- 6 || total
---------------------------+-------+-------++-------
  Melee: Unarmed           |   100 |    10 ||   110
         Punch             |     1 |       ||     1
  Throw: Throwing net      |     4 |       ||     4
    Use: Scroll            |     1 |       ||     1
   Stab: Sleeping          |     1 |       ||     1
 Armour: Leather armour    |    15 |       ||    15
         Ring mail         |    36 |    13 ||    49
  Dodge: Dodged            |    54 |    17 ||    71
